AoeStats
← gotuzzo88

Enclosed

505071841Analyzed
1v1 RM · 26d ago on Sep 7, 2026· 50m 14s· 2 players
Game mode
Random Map
Map size
Tiny (2 player)
Population
200
Speed
Normal
Resources
Standard
Victory
Conquest
Starting age
Dark Age
Ending age
Imperial Age
RankedLock teamsTeams togetherTeam positionsShared explorationLock speedFull tech treeHidden civsTurbo modeCheats
Victory
Defeat
🇧🇷 Bohemians · Brazil
739
+14
🇧🇷 Franks · Brazil
695
-14
gotuzzo88
10:51 Feudal Age
12:33 Double-Bit Axe
12:34 Man-at-Arms
13:54 Gold Mining
19:00 Stone Mining
22:36 Castle Age
27:27 Long Swordsman
28:54 Padded Archer Armor
32:23 Scale Barding Armor
32:19 Scale Mail Armor
33:37 Forging
33:21 Fletching
33:19 Town Watch
40:39 Imperial Age
38:15 Town Patrol
39:26 Gold Shaft Mining
39:31 Bodkin Arrow
39:52 Leather Archer Armor
42:30 Onager
43:19 Two-Handed Swordsman
46:18 Chemistry
46:37 Fortified Wall
46:48 Ballistics
47:17 Cavalier
Rise
5:54 Loom
9:51 Feudal Age
11:05 Double-Bit Axe
11:39 Town Watch
14:07 Horse Collar
20:30 Castle Age
20:09 Wheelbarrow
21:13 Scale Mail Armor
21:06 Pikeman
22:19 Squires
24:32 Forging
26:26 Chemistry
26:27 Chain Mail Armor
34:35 Imperial Age
32:09 Town Patrol
35:10 Hand Cart
41:23 Conscription
43:00 Siege Engineers
42:52 Murder Holes
44:48 Halberdier
44:50 Houfnice
46:29 Wagenburg Tactics
Connection lost

Rejoining the realm…

Still unreachable

The connection could not be restored.

Session expired

The server has moved on; the page needs a fresh start.